 Dungeon Crawl Stone Soup version 0.30-a0-715-gdb4ae3ece1 (webtiles) character file.

Game seed: 11130969012786528877

410 karrick the Covered (level 6, -1/38 HPs)
             Began as a Gargoyle Fighter on Jan 25, 2023.
             Splashed by a jelly's acid (5 damage)
             ... on level 5 of the Dungeon.
             The game lasted 00:04:14 (3682 turns).

karrick the Covered (Gargoyle Fighter)              Turns: 3682, Time: 00:04:14

Health: -1/38      AC: 11    Str: 19    XL:     6   Next: 89%
Magic:  6/6        EV:  9    Int:  9    God:
Gold:   201        SH:  5    Dex: 11    Spells: 5/5 levels left

rFire   . . .      SeeInvis .    u - +2 hand axe (freeze)
rCold   . . .      Faith    .    c - +0 buckler
rNeg    + . .      Spirit   .    b - +0 scale mail
rPois   ∞          Reflect  .    (no helmet)
rElec   +          Harm     .    (no cloak)
rCorr   .          Rampage  .    (no gloves)
Will    .....                    (no boots) Stlth
                                 (no amulet)
HPRegen 0.26/turn                (no ring)
MPRegen 0.10/turn                (no ring)

@: no status effects
A: sickness immunity, AC +4, negative energy resistance 1, electricity
resistance, torment resistance 1, petrification resistance
a: no special abilities


You were on level 5 of the Dungeon.
You visited 1 branch of the dungeon, and saw 5 of its levels.

You collected 201 gold pieces.

Inventory:

Hand Weapons
 a - a +0 war axe
 u - a +2 hand axe of freezing (weapon)
Armour
 b - a +0 scale mail (worn)
 c - a +0 buckler (worn)
Jewellery
 r - a ring of ice
 t - a ring of ice
Wands
 p - a wand of flame (27)
Scrolls
 e - 3 scrolls of identify {unknown}
 f - a scroll of vulnerability {unknown}
 g - a scroll of blinking {unknown}
 j - a scroll of noise {unknown}
 q - a scroll of teleportation {unknown}
 s - a scroll of brand weapon {unknown}
Potions
 d - a potion of resistance {unknown}
 h - a potion of ambrosia {unknown}
 i - a potion of heal wounds {unknown}
 k - a potion of curing {unknown}
 l - 2 potions of flight {unknown}
 m - a potion of magic {unknown}
 n - a potion of brilliance {unknown}
 o - a potion of attraction {unknown}
 v - a potion of cancellation {unknown}


   Skills:
 + Level 4.2 Fighting
 + Level 4.5 Axes
 + Level 4.8 Armour
 + Level 0.3 Stealth
 + Level 4.5 Shields


You had 5 spell levels left.
You didn't know any spells.
Your spell library contained the following spells:

 Spells                   Type           Power      Damage    Failure   Level
 Sandblast                Erth           0%         2d4       83%         1
 Passwall                 Tmut/Erth      0%         N/A       92%         2
 Stone Arrow              Conj/Erth      0%         3d7       99%         3


Dungeon Overview and Level Annotations

Branches:
Dungeon (4/15)
 Temple: D:4-7

Altars:

Shops:
D:4 (!*(((


Innate Abilities, Weirdness & Mutations

You are immune to sickness and miasma.
Your stone body is resilient. (AC +4)
You are immune to poison.
You resist negative energy. (rN+)
You are resistant to electric shocks. (rElec)
You are resistant to unholy torment.
You are immune to petrification.


Message History

The ogre is severely wounded.
The ogre hits you with a +0 giant spiked club!!
Ouch! That really hurt!
* * * LOW HITPOINT WARNING * * *
You are too injured to fight recklessly!
You are too injured to fight recklessly!
You are too injured to fight recklessly!
You are too injured to fight recklessly!
You are too injured to fight recklessly!
You are too injured to fight recklessly!
You are too injured to fight recklessly!
You are too injured to fight recklessly!
You are too injured to fight recklessly!
You are too injured to fight recklessly!
You are too injured to fight recklessly!
You are too injured to fight recklessly!
You are too injured to fight recklessly!
You are too injured to fight recklessly!
You are too injured to fight recklessly!
You are too injured to fight recklessly!
You are too injured to fight recklessly!
You are too injured to fight recklessly!
You are too injured to fight recklessly!
You are too injured to fight recklessly!
You are too injured to fight recklessly!
You barely miss the ogre.
The ogre is severely wounded.
You barely miss the ogre.
The ogre is severely wounded.
The ogre hits you with a +0 giant spiked club.
* * * LOW HITPOINT WARNING * * *
You closely miss the ogre.
The ogre is severely wounded.
You slash the jelly! You freeze the jelly.
Your hands burn!
* * * LOW HITPOINT WARNING * * *
The jelly jiggles.
The jelly hits you.
* * * LOW HITPOINT WARNING * * *
You are splashed with acid.
You die...

#.#.. #.#.# #.#.#
#.#.# #.#.# ###
#.#.# #..
...###...####.#
......O@...##.#
##....J..#.##.#
##.###.##.##.# #
#.###.##.##.####.#
................###.
.#.#.#####..........
#.#.# #.....##### #
#.# #.....# .......#


You could see an ogre and a jelly.

Vanquished Creatures
  A phantom (D:4)
  A hound (D:4)
  An orc priest (D:4)
  A gnoll bouda (D:3)
  An iguana (D:4)
  2 orc wizards (D:4)
  5 gnolls
  8 adders
  4 orcs
  2 endoplasms
  2 giant cockroaches
  8 goblins
  4 hobgoblins
  5 jackals
  2 kobolds
  3 quokkas
  4 ball pythons
  3 bats
  A frilled lizard (D:2)
  5 rats
63 creatures vanquished.

Notes
Turn   | Place    | Note
-------+----------+-------------------------------------------
     0 | D:1      | karrick the Gargoyle Fighter began the quest for the Orb.
     0 | D:1      | Reached XP level 1. HP: 14/14 MP: 1/1
   294 | D:1      | Reached XP level 2. HP: 19/19 MP: 2/2
   733 | D:2      | Reached XP level 3. HP: 23/23 MP: 3/3
  1475 | D:3      | Reached XP level 4. HP: 18/29 MP: 4/4
  2418 | D:4      | Reached XP level 5. HP: 20/33 MP: 5/5
  2495 | D:4      | Found Uqior's Antique Weapon Boutique.
  2528 | D:4      | Found Sevin's Distillery.
  2530 | D:4      | Found Jexuef's Book Emporium.
  2530 | D:4      | Noticed a phantom
  2544 | D:4      | Killed a phantom
  2546 | D:4      | Found Eramno's Assorted Antiques.
  2546 | D:4      | Found Dedehach's Weapon Emporium.
  2582 | D:4      | Reached XP level 6. HP: 13/38 MP: 6/6
  3156 | D:4      | Found Qafiqo's Weapon Shoppe.
  3311 | D:4      | Found Zirit's Weapon Shop.
  3664 | D:4      | You fall into a shaft and drop 1 floor!
  3664 | D:5      | Entered Level 5 of the Dungeon
  3682 | D:5      | Splashed by a jelly's acid

Illustrated notes

Levels and vault maps discovered:
D:1:      dpeg_arrival_tiny_c, layout_basic, chequers_arboretum
D:2:      kennysheep_big_flooded_room, layout_basic, serial_park_tiny_2
D:3:      layout_basic, grunt_decor_resistance, grunt_ministairs_14
D:4:      layout_basic, serial_shops, shop, shop_statue, shop,
          minmay_shop_grid_forest
D:5:      layout_loops_ring

Skill      XL: |  1  2  3  4  5 |
---------------+----------------+-----
Axes           | 2 3 4 |  4.5
Shields        | 4 |  4.5
Fighting       | 4 |  4.2
Armour         | 4 |  4.8
Stealth        | |  0.3

Action                     |  1- 3 |  4- 6 || total
---------------------------+-------+-------++-------
  Melee: War axe           |    62 |   121 ||   183
         Hand axe          |       |    59 ||    59
    Use: Potion            |       |     2 ||     2
 Armour: Scale mail        |    42 |   105 ||   147
  Dodge: Dodged            |    30 |    94 ||   124
  Block: Buckler           |    21 |    51 ||    72

Table legend: (Time is in decaauts)
 A = Elapsed time spent in this place.
 B = Non-inter-level travel time spent in this place.
 C = Inter-level travel time spent in this place.
 D = Time resting spent in this place.
 E = Time spent auto-exploring this place.
 F = Levels seen in this place.
 G = Mean time per level.
                   A        B        C        D        E       F      G
               +--------+--------+--------+--------+--------+-----+--------+
         Total |   3764 |   3698 |     66 |    157 |   2962 |   5 |  752.8 |
       Dungeon |   3764 |   3698 |     66 |    157 |   2962 |   5 |  752.8 |
               +--------+--------+--------+--------+--------+-----+--------+

Top non-repeatable levels by time:
     D:3: 1155 daAuts
     D:4: 1096 daAuts
     D:2: 765 daAuts
     D:1: 729 daAuts
     D:5: 18 daAuts
